 Dungeon Crawl Stone Soup version 0.28-a0-1184-g53156a8862 (webtiles) character file.

Game seed: 14618667634668521636

8122 emperorscorpion the Blocker (level 11, -3/89 HPs)
             Began as a Gnoll Fighter on Dec 17, 2021.
             Was an Elder of Wu Jian.
             Slain by a death knight (16 damage)
             ... on level 9 of the Dungeon.
             The game lasted 00:22:37 (10691 turns).

emperorscorpion the Blocker (Gnoll Fighter)        Turns: 10691, Time: 00:22:38

Health: -3/89      AC: 21    Str: 17    XL:     11   Next: 25%
Magic:  14/20      EV:  9    Int: 11    God:    Wu Jian [****..]
Gold:   559        SH:  6    Dex: 11    Spells: 22/22 levels left

rFire   . . .      SeeInvis .   a - +4 war axe (freeze)
rCold   + . .      Faith    +   c - +0 buckler
rNeg    . . .      Spirit   .   g - +0 chain mail
rPois   .          Reflect  .   p - +0 helmet
rElec   .          Harm     .   j - +0 cloak
rCorr   .          Rampage  .   e - +2 pair of gloves {infuse}
Will    .....                   (no boots)
Stlth   ..........              G - amulet of faith
HPRegen 0.24/turn               f - ring of protection from cold
MPRegen 0.17/turn               D - +4 ring of protection

@: no status effects
A: fangs 1, strong nose, distributed training
a: Renounce Religion, Wall Jump, Serpent's Lash


You were on level 9 of the Dungeon.
You worshipped Wu Jian.
Wu Jian was greatly pleased with you.
You visited 2 branches of the dungeon, and saw 10 of its levels.

You collected 559 gold pieces.

Inventory:

Hand Weapons
 a - a +4 war axe of freezing (weapon)
 b - a +3 vorpal flail
 h - a +3 dagger
 s - a +0 mace of venom
 C - a +4 scimitar of flaming
 F - a +1 vorpal spear
Missiles
 l - 192 arrows
 n - 92 bolts
 A - 8 javelins
 E - 84 poisoned darts
 J - 2 throwing nets
 U - 3 silver boomerangs
Armour
 c - a +0 buckler (worn)
 e - a +2 pair of gloves of infusion (worn)
 g - a +0 chain mail (worn)
 j - a +0 cloak (worn)
 p - a +0 helmet (worn)
 y - a +0 scale mail
 B - a +0 pair of gloves
 K - a +0 chain mail of willpower
 O - +0 acid dragon scales
Jewellery
 f - a ring of protection from cold (left hand)
 D - a +4 ring of protection (right hand)
 G - an amulet of faith (around neck)
 P - a ring of protection from fire
 R - a ring of poison resistance
Wands
 d - a wand of charming (7)
 z - a wand of mindburst (3)
 N - a wand of acid (10)
 S - a wand of polymorph (4) (quivered)
Scrolls
 u - 2 scrolls of blinking
 w - a scroll of enchant armour
 x - a scroll of amnesia
 H - a scroll of fear
 Q - a scroll of magic mapping
Potions
 i - 9 potions of curing
 k - a potion of haste
 m - 2 potions of resistance {unknown}
 o - 2 potions of cancellation {unknown}
 q - a potion of lignification
 r - 2 potions of heal wounds {unknown}
 t - 2 potions of degeneration {unknown}
 v - 2 potions of mutation {unknown}
 I - 3 potions of might
 M - 2 potions of magic {unknown}


   Skills:
 + Level 9.1 Fighting
 + Level 6.1 Short Blades
 + Level 6.1 Long Blades
 + Level 7.7 Axes
 + Level 6.1 Maces & Flails
 + Level 6.1 Polearms
 + Level 6.1 Staves
 + Level 6.1 Slings
 + Level 6.1 Bows
 + Level 6.1 Crossbows
 + Level 6.1 Throwing
 + Level 9.1 Armour
 + Level 6.1 Dodging
 + Level 6.1 Stealth
 + Level 9.1 Shields
 + Level 6.1 Unarmed Combat
 + Level 6.1 Spellcasting
 + Level 5.0 Conjurations
 + Level 5.0 Hexes
 + Level 5.0 Summonings
 + Level 5.0 Necromancy
 + Level 5.0 Translocations
 + Level 5.0 Transmutations
 + Level 5.0 Fire Magic
 + Level 5.0 Ice Magic
 + Level 5.0 Air Magic
 + Level 5.0 Earth Magic
 + Level 5.0 Poison Magic
 + Level 6.7 Invocations
 + Level 6.1 Evocations


You had 22 spell levels left.
You didn't know any spells.
Your spell library contained the following spells:

 Spells                   Type           Power      Damage    Failure   Level
 Freeze                   Ice            56%        1d7       24%         1
 Summon Small Mammal      Summ           56%        N/A       24%         1
 Call Canine Familiar     Summ           14%        N/A       58%         3
 Summon Guardian Golem    Hex/Summ       14%        N/A       58%         3
 Summon Forest            Summ/Tloc      7%         N/A       100%        5
 Summon Mana Viper        Hex/Summ       14%        N/A       100%        5
 Summon Cactus Giant      Summ           7%         N/A       100%        6


Dungeon Overview and Level Annotations

Branches:
Dungeon (9/15)             Temple (1/1) D:5            Lair (0/6) D:9
    Orc: D:9-12

Altars:
Ashenzari
Cheibriados
Dithmenos
Elyvilon
Fedhas
Gozag
Hepliaklqana
Kikubaaqudgha
Makhleb
Nemelex Xobeh
Okawaru
Qazlal
Ru
Sif Muna
Trog
Uskayaw
Vehumet
Wu Jian
Xom
Yredelemnul
Zin
The Shining One

Shops:
D:6 *   D:9 (


Innate Abilities, Weirdness & Mutations

You have very sharp teeth.
Your uncanny sense of smell can sniff out nearby items.
Your experience applies equally to all skills.


Message History

You slash the death knight! You freeze the death knight.
The death knight is heavily wounded.
The death knight reflects your damage back at you!
You block the death knight's attack.
You barely miss the death knight.
The death knight is moderately wounded.
The death knight hits you with a +0 battleaxe. x2
You closely miss the death knight.
The death knight is moderately wounded.
The death knight calls down the wrath of Yredelemnul upon you.
You struggle to resist.
You hit the death knight but do no damage.
The death knight is moderately wounded.
You feel less exhausted.
The death knight mumbles some strange prayers to Yredelemnul against you.
You struggle to resist.
You slash the death knight! You freeze the death knight!
The death knight is severely wounded.
The death knight reflects your damage back at you!
The death knight's dark mirror aura disappears.
You block the death knight's attack.
You hit the death knight. You freeze the death knight.
The death knight is severely wounded.
The death knight hits you with a +0 battleaxe.
You closely miss the death knight.
The death knight is severely wounded.
The death knight hits you with a +0 battleaxe!
You hit the death knight. You freeze the death knight.
The death knight is severely wounded.
The death knight hits you with a +0 battleaxe!
* * * LOW HITPOINT WARNING * * *
You hit the death knight but do no damage.
The death knight is severely wounded.
The death knight hits you with a +0 battleaxe.
* * * LOW HITPOINT WARNING * * *
You barely miss the death knight.
You bite the death knight, but do no damage.
The death knight is severely wounded.
The death knight hits you with a +0 battleaxe!
You die...

## #.##
#.####
##....##
##..#...#
#.@###..#
#.p## ##.##
#..#
##.##########
#..#
##..........
#..#
##...######
#..# ∆ ##..#
..# ∆ ∆ ##.#
#. ∆ ..# ###
#.# #<.


You could see a death knight.

Vanquished Creatures
  Pikel (D:7)
  A cyclops (D:9)
  Joseph (D:7)
  Maggie (D:7)
  A hornet (D:9)
  A wyvern (D:9)
  10 yaks (D:9)
  A steam dragon (D:9)
  Edmund (D:4)
  Menkaure (D:4)
  2 sky beasts
  Duvessa (D:4)
  5 orc warriors
  2 ice beasts
  2 necrophages
  A black bear (D:9)
  2 ogres
  3 centaurs
  A lemure (D:7)
  A phantom (D:5)
  A gnoll sergeant (D:9)
  6 kobold brigands
  4 bullfrogs
  A water moccasin skeleton (D:6)
  A wyvern skeleton (D:7)
  Dowan (D:4)
  2 howler monkeys (D:6)
  A bullfrog zombie (D:6)
  2 orc priests
  9 hounds
  3 jellies
  A centaur skeleton (D:6)
  2 bullfrog skeletons
  A gnoll shaman (D:6)
  7 orc wizards
  2 killer bee zombies
  A hound zombie (D:5)
  A howler monkey zombie (D:9)
  Robin (D:2)
  A howler monkey skeleton (D:7)
  18 gnolls
  3 adders
  A white imp (D:5)
  An ufetubus (D:4)
  A worm (D:3)
  2 dart slugs
  31 orcs
  6 endoplasms
  3 giant cockroaches
  18 goblins
  13 hobgoblins
  6 jackals
  5 quokkas
  8 ball pythons
  4 bats
  3 frilled lizards
  55 kobolds
  4 rats
  A spectral orc (D:8)
270 creatures vanquished.

Vanquished Creatures (collateral kills)
  A cyclops (D:7)
  The ghost of ma3 the Bolt Thrower, an amateur DDHu of Ashenzari (D:4)
  A black bear (D:9)
  A centaur (D:7)
  A kobold brigand (D:7)
  A kobold (D:7)
6 creatures vanquished.

Vanquished Creatures (others)
  A yak (D:9)
  A gnoll (D:9)
  7 fungi
  2 plants
11 creatures vanquished.

Grand Total: 287 creatures vanquished

Notes
Turn   | Place    | Note
-------+----------+-------------------------------------------
     0 | D:1      | emperorscorpion the Gnoll Fighter began the quest for the
                  | Orb.
     0 | D:1      | Reached XP level 1. HP: 23/23 MP: 1/1
   309 | D:1      | Reached XP level 2. HP: 22/29 MP: 2/2
   623 | D:1      | Found a faded altar of an unknown god.
   784 | D:1      | Reached XP level 3. HP: 29/35 MP: 3/3
  1371 | D:2      | Reached skill level 1 in Invocations
  1439 | D:2      | Reached skill level 1 in Short Blades
  1439 | D:2      | Reached skill level 1 in Long Blades
  1439 | D:2      | Reached skill level 1 in Maces & Flails
  1439 | D:2      | Reached skill level 1 in Polearms
  1439 | D:2      | Reached skill level 1 in Staves
  1439 | D:2      | Reached skill level 1 in Slings
  1439 | D:2      | Reached skill level 1 in Bows
  1439 | D:2      | Reached skill level 1 in Crossbows
  1439 | D:2      | Reached skill level 1 in Throwing
  1439 | D:2      | Reached skill level 1 in Dodging
  1439 | D:2      | Reached skill level 1 in Stealth
  1439 | D:2      | Reached skill level 1 in Unarmed Combat
  1439 | D:2      | Reached skill level 1 in Spellcasting
  1439 | D:2      | Reached skill level 1 in Evocations
  1601 | D:2      | Reached XP level 4. HP: 41/41 MP: 5/5
  1765 | D:3      | Noticed Robin
  1778 | D:2      | Killed Robin
  1844 | D:3      | Reached skill level 1 in Conjurations
  1844 | D:3      | Reached skill level 1 in Hexes
  1844 | D:3      | Reached skill level 1 in Summonings
  1844 | D:3      | Reached skill level 1 in Necromancy
  1844 | D:3      | Reached skill level 1 in Translocations
  1844 | D:3      | Reached skill level 1 in Transmutations
  1844 | D:3      | Reached skill level 1 in Fire Magic
  1844 | D:3      | Reached skill level 1 in Ice Magic
  1844 | D:3      | Reached skill level 1 in Air Magic
  1844 | D:3      | Reached skill level 1 in Earth Magic
  1844 | D:3      | Reached skill level 1 in Poison Magic
  2137 | D:3      | Reached XP level 5. HP: 24/47 MP: 5/7
  2515 | D:4      | Noticed Duvessa
  2515 | D:4      | Noticed Dowan
  2521 | D:4      | Killed Duvessa
  2522 | D:4      | Reached XP level 6. HP: 53/53 MP: 8/8
  2528 | D:4      | Killed Dowan
  2691 | D:4      | Found a large runed translucent door.
  2692 | D:4      | Found a large runed translucent door.
  2692 | D:4      | Noticed ma3's ghost (amateur DDHu)
  2742 | D:4      | Found a blossoming altar of Fedhas.
  2758 | D:4      | Reached skill level 5 in Axes
  2784 | D:4      | Noticed Edmund
  2846 | D:4      | Killed ma3's ghost
  2847 | D:4      | Reached XP level 7. HP: 60/60 MP: 10/10
  2857 | D:4      | Killed Edmund
  3066 | D:4      | Noticed Menkaure
  3071 | D:4      | Killed Menkaure
  3636 | D:5      | Entered Level 5 of the Dungeon
  3655 | D:5      | Reached XP level 8. HP: 52/67 MP: 12/12
  4036 | D:5      | Identified a scroll of acquirement
  4037 | D:5      | Acquired a +2 pair of gloves of infusion
  4256 | D:5      | Found a staircase to the Ecumenical Temple.
  4264 | Temple   | Entered the Ecumenical Temple
  4305 | Temple   | Became a worshipper of the Wu Jian Council
  5342 | D:5      | Reached * piety under Wu Jian
  5346 | D:5      | Reached XP level 9. HP: 72/72 MP: 7/14
  5658 | D:5      | Reached ** piety under Wu Jian
  6684 | D:6      | Found Cauxkok's Mass Market.
  7039 | D:6      | Reached skill level 5 in Invocations
  7160 | D:7      | Reached *** piety under Wu Jian
  7654 | D:7      | Noticed Maggie
  7662 | D:7      | Noticed a cyclops
  7668 | D:7      | Killed a cyclops
  7669 | D:7      | Reached skill level 5 in Short Blades
  7669 | D:7      | Reached skill level 5 in Long Blades
  7669 | D:7      | Reached skill level 5 in Maces & Flails
  7669 | D:7      | Reached skill level 5 in Polearms
  7669 | D:7      | Reached skill level 5 in Staves
  7669 | D:7      | Reached skill level 5 in Slings
  7669 | D:7      | Reached skill level 5 in Bows
  7669 | D:7      | Reached skill level 5 in Crossbows
  7669 | D:7      | Reached skill level 5 in Throwing
  7669 | D:7      | Reached skill level 5 in Dodging
  7669 | D:7      | Reached skill level 5 in Stealth
  7669 | D:7      | Reached skill level 5 in Unarmed Combat
  7669 | D:7      | Reached skill level 5 in Spellcasting
  7669 | D:7      | Reached skill level 5 in Evocations
  7669 | D:7      | Reached XP level 10. HP: 49/81 MP: 17/17
  7681 | D:7      | Killed Maggie
  8213 | D:7      | Noticed Joseph
  8236 | D:7      | Killed Joseph
  8467 | D:7      | Noticed Pikel
  8478 | D:7      | Killed Pikel
  8986 | D:8      | Reached **** piety under Wu Jian
  9268 | D:8      | Got the Collected Works on the Snowflakes and Calling
  9403 | D:8      | Found a basalt altar of Yredelemnul.
 10060 | D:9      | Found Hipy's Weapon Boutique.
 10067 | D:9      | Noticed Erica
 10096 | D:9      | Noticed Erica
 10096 | D:9      | Erica changed into Erica the cyclops
 10099 | D:9      | Killed Erica the cyclops
 10100 | D:9      | Reached XP level 11. HP: 87/87 MP: 16/19
 10395 | D:9      | Reached skill level 5 in Conjurations
 10395 | D:9      | Reached skill level 5 in Hexes
 10395 | D:9      | Reached skill level 5 in Summonings
 10395 | D:9      | Reached skill level 5 in Necromancy
 10395 | D:9      | Reached skill level 5 in Translocations
 10395 | D:9      | Reached skill level 5 in Transmutations
 10395 | D:9      | Reached skill level 5 in Fire Magic
 10395 | D:9      | Reached skill level 5 in Ice Magic
 10395 | D:9      | Reached skill level 5 in Air Magic
 10395 | D:9      | Reached skill level 5 in Earth Magic
 10395 | D:9      | Reached skill level 5 in Poison Magic
 10552 | D:9      | Found a staircase to the Lair.
 10671 | D:9      | Noticed a death knight
 10691 | D:9      | Slain by a death knight

Illustrated notes

Levels and vault maps discovered:
D:1:      heliophobic_arrival_enchanted_forest, layout_basic,
          shapermc_ecumenical_altar_mp_highgroup
D:2:      layout_basic
D:3:      layout_rooms, uniq_robin
D:4:      layout_basic, fedhas_altar_3, ebering_ghost_disaster_area,
          uniq_edmund, uniq_menkaure, uniq_duvessa
D:5:      minmay_goblin_kobold_castle, layout_basic,
          minmay_temple_entry_purple_smoke, minmay_ogre_servants
D:6:      layout_loops_ring, minmay_shop_mass
D:7:      layout_loops_ring, minmay_microvault, uniq_joseph, uniq_maggie,
          uniq_pikel
D:8:      layout_cave_pools, yredelemnul_forgotten_temple_becter,
          kennysheep_generic_room_14
D:9:      layout_basic, david_lair_generic, serial_shops,
          nicolae_shop_statue_plus, special_room [special_room_orc],
          minmay_diamond_spiral, uniq_erica
Temple:   regret_index_temple_chain_breaker

Skill      XL: |  1  2  3  4  5  6  7  8  9 10 11 |
---------------+----------------------------------+-----
Invocations    | 1 2 3 4 5 6 |  6.7
Short Blades   | 1 2 3 5 6 |  6.1
Long Blades    | 1 2 3 5 6 |  6.1
Maces & Flails | 1 2 3 5 6 |  6.1
Polearms       | 1 2 3 5 6 |  6.1
Staves         | 1 2 3 5 6 |  6.1
Slings         | 1 2 3 5 6 |  6.1
Bows           | 1 2 3 5 6 |  6.1
Crossbows      | 1 2 3 5 6 |  6.1
Throwing       | 1 2 3 5 6 |  6.1
Dodging        | 1 2 3 5 6 |  6.1
Stealth        | 1 2 3 5 6 |  6.1
Unarmed Combat | 1 2 3 5 6 |  6.1
Spellcasting   | 1 2 3 5 6 |  6.1
Evocations     | 1 2 3 5 6 |  6.1
Conjurations   | 1 2 3 4 5 |  5.0
Hexes          | 1 2 3 4 5 |  5.0
Summonings     | 1 2 3 4 5 |  5.0
Necromancy     | 1 2 3 4 5 |  5.0
Translocations | 1 2 3 4 5 |  5.0
Transmutations | 1 2 3 4 5 |  5.0
Fire Magic     | 1 2 3 4 5 |  5.0
Ice Magic      | 1 2 3 4 5 |  5.0
Air Magic      | 1 2 3 4 5 |  5.0
Earth Magic    | 1 2 3 4 5 |  5.0
Poison Magic   | 1 2 3 4 5 |  5.0
Axes           | 5 6 7 |  7.7
Fighting       | 7 8 9 |  9.1
Armour         | 7 8 9 |  9.1
Shields        | 7 8 9 |  9.1

Action                   |  1- 3 |  4- 6 |  7- 9 | 10-12 || total
-------------------------+-------+-------+-------+-------++-------
Melee: War axe           |    97 |    91 |   322 |   231 ||   741
       Bite              |    13 |     8 |    32 |    26 ||    79
       Flail             |       |       |    23 |       ||    23
Throw: Javelin           |       |     3 |     8 |       ||    11
       Dart              |       |       |       |     3 ||     3
       Throwing net      |       |       |       |     2 ||     2
Invok: Lunge             |       |       |    22 |    14 ||    36
       Whirlwind         |       |       |     7 |     7 ||    14
       Serpent's Lash    |       |       |       |     1 ||     1
 Abil: Wall Jump         |       |       |       |     3 ||     3
Evoke: Wand              |       |     1 |     1 |     8 ||    10
  Use: Potion            |       |     1 |     1 |     3 ||     5
       Scroll            |       |       |     8 |     9 ||    17
Armor: Scale mail        |    39 |    48 |    18 |       ||   105
       Chain mail        |       |       |   188 |   125 ||   313
       Skin              |       |       |     6 |       ||     6
Dodge: Dodged            |    31 |    29 |   104 |    70 ||   234
Block: Buckler           |    34 |    21 |   100 |    61 ||   216

Table legend: (Time is in decaauts)
 A = Elapsed time spent in this place.
 B = Non-inter-level travel time spent in this place.
 C = Inter-level travel time spent in this place.
 D = Time resting spent in this place.
 E = Time spent auto-exploring this place.
 F = Levels seen in this place.
 G = Mean time per level.
                   A        B        C        D        E       F      G
               +--------+--------+--------+--------+--------+-----+--------+
         Total |  10881 |  10647 |    234 |    183 |   8625 |  10 | 1088.1 |
       Dungeon |  10698 |  10484 |    214 |    183 |   8488 |   9 | 1188.7 |
        Temple |    182 |    162 |     20 |      0 |    137 |   1 |  182.0 |
               +--------+--------+--------+--------+--------+-----+--------+

Top non-repeatable levels by time:
     D:5: 2264 daAuts
     D:7: 1676 daAuts
     D:1: 1254 daAuts
     D:4: 1227 daAuts
     D:6: 1087 daAuts
     D:9: 1037 daAuts
     D:8: 934 daAuts
     D:3: 620 daAuts
     D:2: 595 daAuts
  Temple: 182 daAuts
